 Dungeon Crawl Stone Soup version 0.18-a0-641-g4caf58e (webtiles) character file.

935 GeneralIdiocy the Covert (level 7, -8/46 HPs)
             Began as a Vampire Enchanter on Dec 5, 2015.
             Mangled by a big kobold
             ... wielding the +7 quarterstaff of Wiagol {holy, *Confuse MR+ Str+3}
              (13 damage)
             ... on level 7 of the Dungeon.
             The game lasted 00:10:23 (5396 turns).

GeneralIdiocy the Covert (Vampire Enchanter)        Turns: 5396, Time: 00:10:23

Health: -8/46      AC:  0    Str:  2    XL:     7   Next: 87%
Magic:  4/10       EV: 20    Int: 19    God:
Gold:   176        SH:  0    Dex: 20    Spells: 3 memorised, 2 levels left

rFire  . . .     SeeInvis +     (weapon currently unavailable)
rCold  + + .     Clarity  .     (armour currently unavailable)
rNeg   + + +     SustAt   .     (shield currently unavailable)
rPois  +         Gourm    .     (helmet currently unavailable)
rElec  .         Spirit   .     (cloak currently unavailable)
rCorr  .         Dismiss  .     (gloves currently unavailable)
rMut   .         Stasis   .     (boots currently unavailable)
MR     .....                    (no amulet)
Stlth  +++++++...               (ring currently unavailable)
                                (ring currently unavailable)

@: bat-form, flying, regenerating slowly, very quick, not resistant to hostile
enchantments, extremely stealthy
A: fangs 3, see invisible, (unbreathing)
a: End Transformation


You were on level 7 of the Dungeon.
You were near bloodless.
You were in vampire-bat-form.
You visited 2 branches of the dungeon, and saw 8 of its levels.

You collected 176 gold pieces.

Inventory:

Hand Weapons
 a - a +1 dagger
 f - a +2 short sword of protection (melded)
Armour
 b - a +1 robe (melded)
 k - a +0 pair of gloves (melded)
 x - a +0 cloak (melded)
Jewellery
 j - a ring of magical power (melded)
 l - a ring of poison resistance (melded)
Scrolls
 d - 2 scrolls of fear {unknown}
 e - 4 scrolls of remove curse
 g - 9 scrolls of identify
 n - 2 scrolls of enchant weapon {unknown}
 p - a scroll of teleportation
 q - 2 scrolls of amnesia
 u - a scroll of enchant armour {unknown}
 v - a scroll of blinking {unknown}
 y - a scroll of magic mapping {unknown}
Potions
 h - a potion of blood
 i - a potion of curing
 m - 2 potions of agility
 o - a potion of haste
 r - a potion of flight {unknown}
 s - 2 potions of heal wounds {unknown}
 t - a potion of degeneration {unknown}
 w - a potion of might {unknown}
 z - a potion of brilliance {unknown}
 A - a potion of cure mutation {unknown}
Books
 c - a book of Maledictions

   Spells                             Type                      Level
   a - Corona                         Hexes                        1
   b - Ensorcelled Hibernation        Hexes/Ice                    2
   c - Confuse                        Hexes                        3
   d - Tukima's Dance                 Hexes                        3
   e - Dazzling Spray                 Conjuration/Hexes            3
 B - a book of Spatial Translocations

   Spells                             Type                      Level
   a - Apportation                    Translocation                1
   b - Blink                          Translocation                2
   c - Shroud of Golubria             Charms/Translocation         2
   d - Portal Projectile              Translocation                3
   e - Teleport Other                 Translocation                3
   f - Passage of Golubria            Translocation                4


   Skills:
 + Level 5.5 Short Blades
 - Level 2.1 Dodging
 - Level 12.1 Stealth
 - Level 2.0 Spellcasting
 - Level 4.4 Hexes


You had 2 spell levels left.
You knew the following spells:

 Your Spells              Type           Power        Failure   Level  Hunger
a - Confuse               Hex            ###.....     12%         3    ###....
b - Ensorcelled Hibernat  Hex/Ice        ##....       12%         2    ###....
c - Tukima's Dance        Hex            ###.....     12%         3    ###....


Dungeon Overview and Level Annotations

Branches:
Dungeon (7/15)             Temple (1/1) D:4

Altars:
Cheibriados
Elyvilon
Gozag
Kikubaaqudgha
Makhleb
Nemelex Xobeh
Okawaru
Ru
Sif Muna
Trog
Vehumet
Xom
Yredelemnul
Zin

Annotations:
D:4 GeneralIdiocy's ghost, amateur FoFi
D:6 zercules's ghost, novice MiFi


Innate Abilities, Weirdness & Mutations

You heal slowly.
You have razor-sharp teeth.
You have supernaturally acute eyesight.
((You can survive without breathing.))


Message History

Drink which item? (? for menu, Esc to quit)
Okay, then.
Read which item? (? for menu, Esc to quit)
Okay, then.
Read which item? (? for menu, Esc to quit)
Okay, then.
Drink which item? (? for menu, Esc to quit)
Okay, then.
Read which item? (? for menu, Esc to quit)
Okay, then.
You turn into a vampire bat.
Your +2 short sword of protection melds into your body.
Your +0 cloak melds into your body.
Your +0 pair of gloves melds into your body.
Your +1 robe melds into your body.
Your ring of magical power melds into your body.
Your ring of poison resistance melds into your body.
You feel less protected.
You feel your magic capacity decrease.
The big kobold hits you with a brightly glowing quarterstaff {holy}!
You die...

#.#.. #.##. #.... ##...
################ #.#.
#............... #.#.
#............... #.#.
#............... #.#.
#.......b....... #.#.
#.......K....... #.#.
+.....†.....>### #.#.
#........###.# #.#.
#........# #.# #.#.
Z##......[.# #.# #...
..?........###.#######.####
##....................
#........###.########


You could see a big kobold.

Vanquished Creatures
  A sky beast (D:3)
  Blork the orc (D:5)
  A scorpion (D:5)
  2 crimson imps
  A hound (D:3)
  3 orc priests
  A jelly (D:7)
  Crazy Yiuf (D:5)
  2 worker ants
  An iguana (D:6)
  6 orc wizards
  A giant frog skeleton (D:4)
  2 hound skeletons
  3 gnolls (D:4)
  6 adders
  2 shadow imps
  An adder skeleton (D:4)
  4 worms
  5 giant geckos
  16 orcs
  A ball python (D:1)
  3 giant cockroaches
  4 goblins (D:1)
  6 hobgoblins
  6 bats
  A giant gecko skeleton (D:4)
  4 giant newts
  6 jackals
  11 kobolds
  A quokka (D:6)
  5 rats
108 creatures vanquished.

Vanquished Creatures (others)
  A dancing weapon (D:5)
  An orc (D:4)
2 creatures vanquished.

Grand Total: 110 creatures vanquished

Notes
Turn   | Place    | Note
--------------------------------------------------------------
     0 | D:1      | GeneralIdiocy the Vampire Enchanter began the quest for the Orb.
     0 | D:1      | Reached XP level 1. HP: 13/13 MP: 3/3
    54 | D:1      | Reached skill level 5 in Stealth
   479 | D:1      | Reached XP level 2. HP: 19/19 MP: 5/5
   487 | D:1      | Learned a level 2 spell: Ensorcelled Hibernation
   654 | D:1      | Reached skill level 6 in Stealth
  1212 | D:2      | Reached XP level 3. HP: 24/24 MP: 3/6
  1346 | D:2      | Found a radiant altar of Vehumet.
  1382 | D:2      | Reached skill level 7 in Stealth
  1630 | D:2      | Learned a level 3 spell: Confuse
  1985 | D:3      | Reached skill level 8 in Stealth
  1985 | D:3      | Reached XP level 4. HP: 27/30 MP: 6/7
  2409 | D:3      | Found a basalt altar of Yredelemnul.
  2466 | D:4      | Found a staircase to the Ecumenical Temple.
  2470 | D:4      | Reached skill level 9 in Stealth
  2470 | D:4      | Reached XP level 5. HP: 35/35 MP: 8/8
  2475 | Temple   | Entered the Ecumenical Temple
  2723 | D:4      | Noticed a sky beast
  2835 | D:3      | Reached skill level 10 in Stealth
  2853 | D:3      | Killed a sky beast
  2853 | D:3      | Reached XP level 6. HP: 16/41 MP: 1/9
  3691 | D:4      | Reached skill level 11 in Stealth
  3723 | D:4      | Noticed GeneralIdiocy's ghost (amateur FoFi)
  3733 | D:5      | Entered Level 5 of the Dungeon
  3972 | D:5      | Learned a level 3 spell: Tukima's Dance
  4106 | D:5      | Reached skill level 12 in Stealth
  4106 | D:5      | Reached XP level 7. HP: 46/46 MP: 4/10
  4253 | D:5      | Noticed Blork the orc
  4282 | D:5      | Killed Blork the orc
  4647 | D:5      | Noticed Crazy Yiuf
  4653 | D:5      | Killed Crazy Yiuf
  4867 | D:6      | Reached skill level 5 in Short Blades
  4948 | D:6      | Noticed zercules's ghost (novice MiFi)
  5396 | D:7      | Identified the +7 quarterstaff of Wiagol {holy, *Confuse MR+ Str+3}
  5396 | D:7      | Mangled by a big kobold

Vault maps used:
D:1:      lightli_molten_gateway
D:2:      lemuel_upstairs_altar, lemuel_coloured_pillars_altar
D:3:      lemuel_round_altar
D:4:      lemuel_doored_altar, minitemple, minmay_temple_entry_statues_pillars,
          first_bread, okawaru_altar_gauntlet_db
D:5:      minmay_misc_feat_tiny, uniq_blork_the_orc, uniq_crazy_yiuf_cottage
D:6:      overflow_temple_1_default, nicolae_overflow_hidden_temple,
          minmay_hedge_maze, makhleb_blood_cavern_becter, uniq_eustachio
D:7:      kennysheep_housing_project, uniq_menkaure
Temple:   triangle_lava_temple_12

Action                   |  1- 3 |  4- 6 |  7- 9 || total
-------------------------+-------+-------+-------++-------
Melee: Dagger            |     9 |       |       ||     9
       Short sword       |    47 |    97 |   107 ||   251
 Cast: Ensorcelled Hiber |    12 |    37 |    25 ||    74
       Tukima's Dance    |       |       |     6 ||     6
       Confuse           |       |       |     5 ||     5
 Abil: Bat Form          |       |       |     1 ||     1
  Use: Scroll            |     5 |     3 |       ||     8
       Potion            |       |     1 |     1 ||     2
 Stab: Sleeping          |    22 |    22 |    18 ||    62
       Confused          |       |       |     1 ||     1
